 Dungeon Crawl Stone Soup version 0.31-a0-1009-g454b1f1e0a (webtiles) character file.

Game seed: 10966038084780215393

89 CrazyBamboolord the Vexing (level 4, -1/33 HPs)
             Began as a Barachi Hexslinger on Nov 15, 2023.
             Slain by a worm (7 damage)
             ... on level 3 of the Dungeon.
             The game lasted 00:05:13 (1465 turns).

CrazyBamboolord the Vexing (Barachi Hexslinger)     Turns: 1465, Time: 00:05:13

Health: -1/33      AC:  2    Str: 10    XL:     4   Next: 55%
Magic:  5/7        EV: 13    Int: 13    God:
Gold:   121        SH:  0    Dex: 16    Spells: 5/7 levels left

rFire   . . .        a - +1 sling
rCold   . . .        (no shield)
rNeg    . . .        c - +0 robe
rPois   .            (no helmet)
rElec   .            (no cloak)
rCorr   .            (no gloves)
SInv    .            (no boots)
Will    .....        (no amulet)
Stlth   +            (no ring)
HPRegen 0.25/turn    (no ring)
MPRegen 0.10/turn

%: no passive effects
@: weak-willed, unable to hop, jinxed, slow
A: amphibious, slowness 1, strong legs 1, +LOS
a: Hop


You were on level 3 of the Dungeon.
You visited 1 branch of the dungeon, and saw 3 of its levels.

You collected 121 gold pieces.

Inventory:

Hand Weapons
 a - a +1 sling (weapon)
Armour
 c - a +0 robe (worn)
Scrolls
 d - a scroll of identify {unknown}
 e - 2 scrolls of fog
 m - a scroll of brand weapon {unknown}
Potions
 f - a potion of resistance {unknown}
 g - a potion of attraction {unknown}
 h - a potion of ambrosia {unknown}
 j - a potion of haste {unknown}
 k - 2 potions of curing {unknown}
 l - a potion of enlightenment {unknown}


   Skills:
 + Level 2.0 Fighting
 * Level 2.6 Ranged Weapons
 * Level 3.0 Dodging
 * Level 2.0 Spellcasting
 * Level 3.9 Hexes
 + Level 1.5 Fire Magic


You had 5 spell levels left.
You knew the following spells:

 Your Spells              Type           Power      Damage    Failure   Level
a - Jinxbite              Hex            22%        N/A       8%          2

Your spell library contained the following spells:

 Spells                   Type           Power      Damage    Failure   Level
 Sigil of Binding         Hex            11%        N/A       16%         3
 Inner Flame              Hex/Fire       8%         N/A       24%         3
 Poisonous Vapours        Pois/Air       2%         N/A       36%         2
 Cause Fear               Hex            5%         N/A       45%         4
 Mephitic Cloud           Conj/Pois/Air  1%         N/A       58%         3
 Dimensional Bullseye     Hex/Tloc       3%         N/A       73%         4
 Freezing Cloud           Conj/Ice/Air   0%         6-21      100%        5


Dungeon Overview and Level Annotations

Branches:
Dungeon (3/15)

Altars:

Annotations:
D:2 Sigmund


Innate Abilities, Weirdness & Mutations

You are amphibious.
You cover ground slowly.
You can hop short distances.
You have an extended range of vision and can be seen from far away.


Message History

Fire: a) +1 sling
Press: ? - help, Q - select action, (/) - cycle Shift-Dir - straight line, f - rat, p - worm
Aim: a rat (60% to hit)
You shoot a sling bullet.
The sling bullet closely misses the rat.
Unknown command.
Fire: a) +1 sling
Press: ? - help, Q - select action, (/) - cycle Shift-Dir - straight line, f/p - rat
Aim: a rat (60% to hit)
You shoot a sling bullet. The sling bullet hits the rat.
The rat is moderately wounded.
The worm bites you!
Fire: a) +1 sling
Press: ? - help, Q - select action, (/) - cycle Shift-Dir - straight line, f/p - rat
Aim: a rat (moderately wounded, 60% to hit)
You shoot a sling bullet. The sling bullet hits the rat!
You kill the rat!
Unknown command.
As you read the scroll of fear, it crumbles to dust.
You assume a fearsome visage.
The worm looks frightened!
The river rat looks frightened!
The worm looks frightened!
You shoot a sling bullet. The sling bullet hits the worm!
Your attack snaps the worm out of its fear.
The worm is heavily wounded.
Unknown command.
You shoot a sling bullet.
The sling bullet barely misses the worm.
The worm bites you!
Casting: Jinxbite (safe; 8% risk of failure)
Confirm with . or Enter, or press ? or * to list all spells.
You beckon some vexing sprites to accompany your attacks.
You feel your willpower being sapped. The worm bites you!
* * * LOW HITPOINT WARNING * * *
You hear the rusting of a drain.
You see here a rat corpse.
Hop to where?
Press: ? - help, Dir - move target, p - worm Floosh!
Boing!
The worm bites you!
You die...

# ... #.#######
..##.#.....
..........#
.....#..#.#
#....~~# ##..~~~#
##...#†#######~##
#...~~~#~@~~~~~~#
#...~#)#w########
#..~~~~#~~~~~#
#...~#†#☼#~#~~~~#
#...~#~#r#w# ###
#....#~~~# ~
###....########
#......†...##.# #
#.##.#####.##.#


You could see a worm and a river rat.

Vanquished Creatures
  2 adders (D:3)
  4 worms
  4 dart slugs
  2 ball pythons
  5 bats
  5 endoplasms
  A giant cockroach (D:2)
  3 goblins
  3 hobgoblins
  3 jackals
  3 kobolds
  2 quokkas
  6 frilled lizards
  7 rats
50 creatures vanquished.

Notes
Turn   | Place    | Note
-------+----------+-------------------------------------------
     0 | D:1      | CrazyBamboolord the Barachi Hexslinger began the quest for
                  | the Orb.
     0 | D:1      | Reached XP level 1. HP: 15/15 MP: 2/2
   137 | D:1      | Reached XP level 2. HP: 19/21 MP: 3/3
   400 | D:1      | Reached XP level 3. HP: 26/26 MP: 5/5
   877 | D:2      | Noticed Sigmund
   895 | D:2      | HP: 1/40 [dart slug/slug dart (4)]
  1000 | D:2      | Learned a level 2 spell: Jinxbite
  1369 | D:3      | Reached XP level 4. HP: 18/33 MP: 3/6
  1465 | D:3      | Slain by a worm

Illustrated notes

Levels and vault maps discovered:
D:1:      lemuel_arrival_river_ford, layout_rooms, serial_aquarium,
          aquarium_bridge_square [aquarium_subvault_wall,
          aquarium_subvault_window, aquarium_subvault_bridge,
          aquarium_subvault_bridge], aquarium_window_corridor_2,
          aquarium_window_1, aquarium_view_2d, aquarium_view_2d,
          corexii_item_surrounded_by_moat
D:2:      layout_basic, minmay_cupped, uniq_sigmund
D:3:      layout_loops_cross, lightli_sewer_entry_pipes

Skill      XL: |  1  2  3  4 |
---------------+-------------+-----
Dodging        | 3 |  3.0
Fighting       | 2 |  2.0
Spellcasting   | 2 |  2.0
Ranged Weapons | |  2.6
Hexes          | |  3.9
Fire Magic     | |  1.5

Action                     |  1- 3 |  4- 6 || total
---------------------------+-------+-------++-------
  Melee: Unarmed           |     4 |       ||     4
   Fire: Sling             |   111 |    36 ||   147
   Cast: Jinxbite          |     1 |     1 ||     2
Ability: Hop               |     1 |     1 ||     2
    Use: Scroll            |     4 |     2 ||     6
         Potion            |     1 |       ||     1
 Armour: Robe              |    24 |    10 ||    34
  Dodge: Dodged            |    42 |     3 ||    45

Table legend: (Time is in decaauts)
 A = Elapsed time spent in this place.
 B = Non-inter-level travel time spent in this place.
 C = Inter-level travel time spent in this place.
 D = Time resting spent in this place.
 E = Time spent auto-exploring this place.
 F = Levels seen in this place.
 G = Mean time per level.
                   A        B        C        D        E       F      G
               +--------+--------+--------+--------+--------+-----+--------+
         Total |   1746 |   1656 |     90 |     94 |   1027 |   3 |  582.0 |
       Dungeon |   1746 |   1656 |     90 |     94 |   1027 |   3 |  582.0 |
               +--------+--------+--------+--------+--------+-----+--------+

Top non-repeatable levels by time:
     D:2: 696 daAuts
     D:1: 695 daAuts
     D:3: 354 daAuts
